AoeStats
← Swareee

Arabia

510403610Analyzed
1v1 RM · 16h ago on Sep 30, 2026· 60m 20s· 2 players
Game mode
Random Map
Map size
Tiny (2 player)
Population
200
Speed
Normal
Resources
Standard
Victory
Conquest
Starting age
Dark Age
Ending age
Imperial Age
RankedLock teamsTeams togetherTeam positionsShared explorationLock speedFull tech treeHidden civsTurbo modeCheats
Victory
Defeat
🇨🇳 Aztecs · China
1837
+15
🇮🇹 Muisca · Italy
1822
-15
SiMpSoN
5:44 Loom
8:03 Feudal Age
13:24 Wheelbarrow
12:43 Fletching
16:58 Padded Archer Armor
21:38 Castle Age
20:49 Double-Bit Axe
20:44 Horse Collar
22:17 Bodkin Arrow
21:57 Crossbowman
35:52 Imperial Age
36:40 Bracer
39:16 Scale Mail Armor
38:37 Champi Runner
39:56 Ballistics
41:07 Champi Warrior
43:02 Squires
47:48 Elite Champi Warrior
49:03 Chain Mail Armor
49:28 Forging
49:15 Horse Collar
50:29 Gold Mining
51:35 Iron Casting
54:44 Leather Archer Armor
55:00 Plate Mail Armor
Swareee
9:07 Feudal Age
8:33 Loom
9:12 Man-at-Arms
9:39 Double-Bit Axe
15:31 Forging
15:12 Fletching
16:37 Padded Archer Armor
21:57 Castle Age
21:10 Horse Collar
21:21 Gold Mining
22:35 Bodkin Arrow
23:21 Leather Archer Armor
22:36 Elite Skirmisher
26:15 Bow Saw
27:32 Wheelbarrow
29:45 Ballistics
31:24 Town Watch
37:10 Imperial Age
36:56 Hand Cart
38:01 Bracer
39:13 Atlatl
40:20 Chemistry
39:15 Eagle Warrior
39:56 Squires
39:58 Scale Mail Armor
40:14 Elite Eagle Warrior
41:10 Chain Mail Armor
42:25 Plate Mail Armor
41:43 Capped Ram
45:14 Forging
44:52 Arson
48:42 Iron Casting
49:47 Elite Jaguar Warrior
51:10 Conscription
51:59 Blast Furnace
53:05 Siege Ram
58:00 Heavy Plow
Connection lost

Rejoining the realm…

Still unreachable

The connection could not be restored.

Session expired

The server has moved on; the page needs a fresh start.